 Dungeon Crawl Stone Soup version 0.21.1-1-g345015f (webtiles) character file.

3614 ponchio the Fighter (level 10, -3/68 HPs)
             Began as a Gargoyle Fighter on Feb 7, 2018.
             Was a Priest of Elyvilon.
             Slain by a five-headed hydra (8 damage)
             ... on level 8 of the Dungeon.
             The game lasted 00:42:02 (7730 turns).

ponchio the Fighter (Gargoyle Fighter)              Turns: 7730, Time: 00:42:03

Health: -3/68      AC: 20    Str: 20    XL:     10   Next: 11%
Magic:  14/14      EV:  9    Int:  9    God:    Elyvilon [***...]
Gold:   443        SH:  9    Dex: 12    Spells: 9/9 levels left

rFire    + . .     SeeInvis .   a - +1 flail
rCold    . . .     Gourm    .   c - +0 shield
rNeg     + . .     Faith    +   B - +0 ring mail
rPois    ∞         Spirit   .   s - +1 helmet
rElec    +         Reflect  .   u - +2 cloak
rCorr    .         Harm     .   A - +1 pair of gloves
MR       .....                  (no boots)
Stlth    +.........             g - amulet of faith
HPRegen  0.21/turn              z - ring of protection from fire
MPRegen  0.14/turn              b - +2 ring of slaying

@: about to teleport
A: negative energy resistance 1, electricity resistance, unbreathing,
petrification resistance, rot immunity, AC +7
a: Lesser Healing, Heal Other, Purification, Divine Protection, Renounce
Religion


You were on level 8 of the Dungeon.
You worshipped Elyvilon.
Elyvilon was most pleased with you.
You were not hungry.

You visited 2 branches of the dungeon, and saw 10 of its levels.

You collected 443 gold pieces.

Inventory:

Hand Weapons
 a - a +1 flail (weapon)
 x - the +7 hunting sling "Nyecaani" {speed, rF+}
   (You found it on level 6 of the Dungeon)

   Attacks with this weapon are significantly faster.
   It protects you from fire.
Missiles
 I - 82 sling bullets (quivered)
Armour
 c - a +0 shield (worn)
 s - a +1 helmet (worn)
 u - a +2 cloak (worn)
 A - a +1 pair of gloves (worn)
 B - a +0 ring mail (worn)
Jewellery
 b - a +2 ring of slaying (right hand)
 e - a +5 ring of intelligence
 g - an amulet of faith (around neck)
 n - an uncursed amulet of harm {unknown}
 q - an uncursed ring of ice
 v - an uncursed ring of protection from fire
 z - a ring of protection from fire (left hand)
Wands
 m - a wand of paralysis (20)
 y - a wand of flame (41)
 K - a wand of enslavement (14)
Scrolls
 j - 6 scrolls of remove curse
 l - 3 scrolls of enchant armour
 w - 2 scrolls of teleportation
 C - a scroll of fear
Potions
 d - 2 potions of might
 h - a potion of brilliance
 i - 4 potions of lignification
 k - 2 potions of invisibility
 p - 4 potions of curing
 r - a potion of flight
 t - a potion of haste
 D - a potion of resistance
 F - 2 potions of agility
 H - 2 potions of ambrosia {unknown}
 L - a potion of magic {unknown}
Books
 o - a book of Changes

   Spells                             Type                      Level
   a - Beastly Appendage              Transmutation                1
   b - Sticks to Snakes               Transmutation                2
   c - Spider Form                    Transmutation/Poison         3
   d - Ice Form                       Ice/Transmutation            4
   e - Blade Hands                    Transmutation                5
Comestibles
 f - 18 rations
 E - 2 chunks of flesh


   Skills:
 - Level 10.0 Fighting
 + Level 9.4 Maces & Flails
 - Level 3.2 Armour
 + Level 2.1 Dodging
 - Level 3.2 Shields
 + Level 6.1 Invocations


You had 9 spell levels left.
You didn't know any spells.

Dungeon Overview and Level Annotations

Branches:
Dungeon (9/15)             Temple (1/1) D:5
   Lair: D:8-11         Orc: D:9-12

Altars:
Ashenzari
Cheibriados
Dithmenos
Elyvilon
Fedhas
Gozag
Hepliaklqana
Kikubaaqudgha
Makhleb
Nemelex Xobeh
Okawaru
Qazlal
Ru
Sif Muna
Trog
Uskayaw
Vehumet
Wu Jian
Xom
Yredelemnul
Zin
The Shining One

Annotations:
D:4 2 transporters


Innate Abilities, Weirdness & Mutations

You are resistant to torment.
Your stone body is resilient. (AC +7)
You are immune to poison.
You resist negative energy. (rN+)
You are resistant to electric shocks. (rElec)
You can survive without breathing.
You are immune to petrification.
You are immune to rotting.


Message History

You see here a spear.
Your surroundings seem slightly different.
The five-headed hydra closely misses you.
You block the five-headed hydra's attack. x2
The five-headed hydra bites you.
* * * LOW HITPOINT WARNING * * *
The five-headed hydra bites you but does no damage.
You barely miss the five-headed hydra.
The five-headed hydra is heavily wounded.
You block the five-headed hydra's attack.
The five-headed hydra bites you.
* * * LOW HITPOINT WARNING * * *
You block the five-headed hydra's attack.
The five-headed hydra bites you but does no damage. x2
As you read the scroll of teleportation, it crumbles to dust.
You feel strangely unstable.
The five-headed hydra bites you but does no damage.
You block the five-headed hydra's attack.
The five-headed hydra bites you!
You die...

#.......###..[......###..##
#.......#...#...........##
#########.#.#.########..##
#........#.# #>...##
#..........# ###.##.##
##.........## #...##...
#......)..## #.#####..
######.......D)# ###.# #..
#............@.#####...#
#..
#.................##.###
#.. #..............##.#..#
#.. #.........#######...##
#.. #.........# ##### ###
#.........# # ###########


You could see a five-headed hydra.

Vanquished Creatures
  Psyche (D:8)
  2 steam dragons (D:6)
  A hungry ghost (D:7)
  An ice beast (D:7)
  An orc warrior (D:8)
  2 sky beasts
  4 phantoms
  2 ogres
  A centaur (D:7)
  6 bullfrogs
  2 gnoll sergeants
  A scorpion (D:4)
  4 wights (D:6)
  A howler monkey (D:4)
  2 crimson imps (D:7)
  A quasit (D:8)
  2 hounds
  8 jellies
  An orc wizard (D:8)
  A bullfrog skeleton (D:8)
  5 centaur skeletons
  2 iguanas
  6 worker ants
  A hound skeleton (D:4)
  Robin (D:3)
  2 howler monkey skeletons
  14 gnolls
  10 adders
  6 oozes
  3 worms
  A dart slug (D:1)
  3 leopard geckos
  6 orcs
  4 giant cockroaches
  16 goblins
  9 hobgoblins
  8 jackals
  6 kobolds
  3 quokkas
  2 ball pythons
  8 bats
  10 frilled lizards
  A jackal skeleton (D:4)
  A quokka skeleton (D:6)
  A quokka zombie (D:8)
  9 rats
182 creatures vanquished.

Notes
Turn   | Place    | Note
-------+----------+-------------------------------------------
     0 | D:1      | ponchio the Gargoyle Fighter began the quest for the Orb.
     0 | D:1      | Reached XP level 1. HP: 14/14 MP: 1/1
    47 | D:1      | Reached XP level 2. HP: 19/19 MP: 2/2
   368 | D:1      | Reached XP level 3. HP: 22/24 MP: 3/3
   381 | D:1      | Reached skill level 4 in Fighting
   702 | D:2      | Reached XP level 4. HP: 21/30 MP: 4/4
  1481 | D:3      | Noticed Robin
  1732 | D:2      | Reached XP level 5. HP: 24/34 MP: 5/5
  1825 | D:3      | Killed Robin
  1928 | D:3      | Reached skill level 5 in Fighting
  2674 | D:4      | Reached XP level 6. HP: 40/40 MP: 6/6
  3037 | D:4      | Reached skill level 6 in Fighting
  3037 | D:4      | Reached skill level 5 in Maces & Flails
  3265 | D:4      | Found a transporter.
  3271 | D:4      | Noticed an ice beast
  3271 | D:4      | Noticed an ice beast
  3271 | D:4      | Noticed an ice beast
  3302 | D:4      | Found a transporter.
  3347 | D:5      | Entered Level 5 of the Dungeon
  3359 | D:5      | Found a staircase to the Ecumenical Temple.
  3370 | Temple   | Entered the Ecumenical Temple
  3509 | Temple   | Became a worshipper of Elyvilon the Healer
  3752 | D:5      | Reached skill level 1 in Invocations
  3752 | D:5      | Reached XP level 7. HP: 37/47 MP: 7/7
  4069 | D:6      | Got a jewelled hunting sling
  4102 | D:6      | Identified the +7 hunting sling "Nyecaani" {speed, rF+} (You found it on level 6 of the Dungeon)
  4111 | D:6      | Reached * piety under Elyvilon
  4195 | D:6      | Found a sacrificial altar of Ru.
  4365 | D:5      | Reached skill level 7 in Fighting
  4428 | D:6      | Reached XP level 8. HP: 53/53 MP: 10/10
  4895 | D:6      | Reached skill level 8 in Fighting
  5194 | D:6      | Reached ** piety under Elyvilon
  5208 | D:6      | Found a shimmering altar of Xom.
  5671 | D:7      | Reached skill level 5 in Invocations
  5806 | D:7      | Reached XP level 9. HP: 56/60 MP: 12/12
  5873 | D:7      | Found the +6 lightning scales {run, rElec}
  5958 | D:7      | Reached skill level 9 in Fighting
  6831 | D:8      | Reached *** piety under Elyvilon
  6934 | D:8      | Noticed Psyche
  7005 | D:8      | Reached skill level 10 in Fighting
  7039 | D:8      | Killed Psyche
  7039 | D:8      | Reached skill level 1 in Dodging
  7168 | D:8      | Reached XP level 10. HP: 68/68 MP: 14/14
  7692 | D:9      | Noticed a five-headed hydra
  7730 | D:8      | Slain by a five-headed hydra

Skill      XL: |  1  2  3  4  5  6  7  8  9 10 |
---------------+-------------------------------+-----
Fighting       | 4 5 6 7 8 10 | 10.0
Maces & Flails | 3 4 5 6 7 9 |  9.4
Invocations    | 1 3 5 6 |  6.1
Dodging        | 1 2 |  2.1
Armour         | |  3.2
Shields        | |  3.2

Action                   |  1- 3 |  4- 6 |  7- 9 | 10-12 || total
-------------------------+-------+-------+-------+-------++-------
Melee: Flail             |   144 |   312 |   333 |    63 ||   852
 Fire: Hunting sling     |       |       |     8 |       ||     8
Invok: Purification      |       |       |     1 |       ||     1
       Divine Protection |       |       |       |     1 ||     1
  Use: Scroll            |       |    14 |     4 |     2 ||    20
  Eat: Chunk             |       |    10 |     7 |     2 ||    19
       Ration            |       |       |     3 |       ||     3
Armor: Scale mail        |   128 |   205 |    34 |       ||   367
       Ring mail         |       |       |   119 |    32 ||   151
Dodge: Dodged            |    74 |   105 |    86 |    28 ||   293
Block: Shield            |   107 |   159 |   136 |    37 ||   439
